Workbook
Name febcash: #REF!

Sheet Receipts only
B2: Northwest Garments Ltd
C5: Cash Sales | F5: Credit Sales
B6: Jan | C6: 1500 | F6: 35000
B7: Feb | C7: 2000 | F7: 39000
B8: Mar | C8: 1400 | F8: 34000
B9: April | C9: 500 | F9: 59000
B10: May | C10: 2000 | F10: 32000
B11: June | C11: 1200 | F11: 33000
C15: Jan | D15: Feb | E15: Mar | F15: April | G15: May | H15: June | I15: Total
C16: € | D16: € | E16: € | F16: € | G16: € | H16: € | I16: €
B17: Receipts
B18: Cash Sales
B19: Credit Sales
B20: Total Receipts
B40: #VALUE!

Sheet Receipts Solution
B2: Northwest Garments Ltd
C5: Cash Sales | F5: Credit Sales
B6: Jan | C6: 1500 | F6: 35000
B7: Feb | C7: 2000 | F7: 39000
B8: Mar | C8: 1400 | F8: 34000
B9: April | C9: 500 | F9: 59000
B10: May | C10: 2000 | F10: 32000
B11: June | C11: 1200 | F11: 33000
C15: Jan | D15: Feb | E15: Mar | F15: April | G15: May | H15: June | I15: Total
C16: € | D16: € | E16: € | F16: € | G16: € | H16: € | I16: €
B17: Receipts
B18: Cash Sales | C18: =C6 -> 1500 | D18: =C7 -> 2000 | E18: =C8 -> 1400 | F18: =C9 -> 500 | G18: =C10 -> 2000 | H18: =C11 -> 1200 | I18: =SUM(C18:H18) -> 8600
B19: Credit Sales | C19: =F6 -> 35000 | D19: =F7 -> 39000 | E19: =F8 -> 34000 | F19: =F9 -> 59000 | G19: =F10 -> 32000 | H19: =F11 -> 33000 | I19: =SUM(C19:H19) -> 232000
B20: Total Receipts | C20: =SUM(C18:C19) -> 36500 | D20: =SUM(D18:D19) -> 41000 | E20: =SUM(E18:E19) -> 35400 | F20: =SUM(F18:F19) -> 59500 | G20: =SUM(G18:G19) -> 34000 | H20: =SUM(H18:H19) -> 34200 | I20: =SUM(I18:I19) -> 240600
B40: #VALUE!

Sheet Cash Budget
B2: Case Study-Northwest Garments Ltd | E2: Case Study-Northwest Garments Ltd | N2: Cash Budget 2027 | X2: Tasks
N3: Northwest Garments Ltd
E5: The following information has been obtained in this regard: | O5: Jan | P5: Feb | Q5: Mar | R5: April | S5: May | T5: June | U5: Total | Y5: Complete
O6: € | P6: € | Q6: € | R6: € | S6: € | T6: € | U6: €
E7: The opening balance at the start of the period is expected to be €2500 | N7: Receipts | X7: 1. Calculate the total receipts for each month using appropriate formula | Y7: TRUE
N8: Cash Sales | O8: =F13 -> 1500 | P8: =F14 -> 2000 | Q8: =F15 -> 1400 | R8: =F16 -> 500 | S8: =F17 -> 2000 | T8: =F18 -> 1200 | U8: =SUM(O8:T8) -> 8600
E9: Inflows: | N9: Credit Sales | O9: =H13 -> 35000 | P9: =H14 -> 39000 | Q9: =H15 -> 34000 | R9: =H16 -> 59000 | S9: =H17 -> 32000 | T9: =H18 -> 33000 | U9: =SUM(O9:T9) -> 232000 | X9: 2. Calculate the total payments for each month using appropriate formula | Y9: FALSE
E10: The business estimates the following projected sales figures: | N10: Total Receipts | O10: =SUM(O8:O9) -> 36500 | P10: =SUM(P8:P9) -> 41000 | Q10: =SUM(Q8:Q9) -> 35400 | R10: =SUM(R8:R9) -> 59500 | S10: =SUM(S8:S9) -> 34000 | T10: =SUM(T8:T9) -> 34200 | U10: =SUM(U8:U9) -> 240600
N11: Payments | X11: 3. Calculate the net cash for each month using appropriate formula | Y11: FALSE
F12: Cash Sales | H12: Credit Sales | N12: Cash Purchases
E13: Jan | F13: 1500 | H13: 35000 | N13: Credit Purchases | X13: 4. Input the opening balance at the start of the period into the correct cells | Y13: FALSE
E14: Feb | F14: 2000 | H14: 39000 | N14: Wages
E15: Mar | F15: 1400 | H15: 34000 | N15: Variable Overheads | X15: 5. Calculate the closing balance for January using appropriate formula | Y15: FALSE
E16: April | F16: 500 | H16: 59000 | N16: Fixed Overheads
E17: May | F17: 2000 | H17: 32000 | N17: Equipment | X17: 6. Replicate the opening balance for each month using appropriate formula | Y17: FALSE
E18: June | F18: 1200 | H18: 33000 | N18: Total payments
X19: 7. Calculate the closing balance for all other months using appropriate formula | Y19: FALSE
E20: Ouflows: | N20: Net cash
E21: The expected outflows in the period are estmated as follows: | N21: Opening Balance | X21: 8. Indicate which months will be a deficit or surplus using appropriate formula | Y21: FALSE
N22: Closing Balance
F23: Cash Purchases | G23: Credit Purchases | H23: Wages | I23: Variable Overheads | J23: Fixed Overheads | K23: Equipment
E26: Jan | F26: 1000 | G26: 20000 | H26: 5000 | I26: 1000 | J26: 4000
E27: Feb | F27: 18000 | G27: 20000 | H27: 5400 | I27: 1200 | J27: 4000
E28: Mar | F28: 19000 | G28: 22200 | H28: 5400 | I28: 1100 | J28: 4000 | K28: 180000
E29: April | F29: 20000 | G29: 18000 | H29: 5400 | I29: 1400 | J29: 4000
E30: May | F30: 21000 | G30: 21000 | H30: 5400 | I30: 1500 | J30: 4000
E31: June | F31: 22000 | G31: 22000 | H31: 5400 | I31: 1300 | J31: 4000
B34: #VALUE! | E34: #VALUE! | N34: #VALUE! | X34: #VALUE!

Sheet Cash Budget- Solution
B2: Cash Budget 2027
B3: Northwest Garments Ltd
C5: Jan | D5: Feb | E5: Mar | F5: April | G5: May | H5: June | I5: Total
C6: € | D6: € | E6: € | F6: € | G6: € | H6: € | I6: €
B7: Receipts
B8: Cash Sales | C8: ='Cash Budget'!F13 -> 1500 | D8: ='Cash Budget'!F14 -> 2000 | E8: ='Cash Budget'!F15 -> 1400 | F8: ='Cash Budget'!F16 -> 500 | G8: ='Cash Budget'!F17 -> 2000 | H8: ='Cash Budget'!F18 -> 1200 | I8: =SUM(C8:H8) -> 8600
B9: Credit Sales | C9: ='Cash Budget'!H13 -> 35000 | D9: ='Cash Budget'!H14 -> 39000 | E9: ='Cash Budget'!H15 -> 34000 | F9: ='Cash Budget'!H16 -> 59000 | G9: ='Cash Budget'!H17 -> 32000 | H9: ='Cash Budget'!H18 -> 33000 | I9: =SUM(C9:H9) -> 232000
B10: Total Receipts | C10: =SUM(C8:C9) -> 36500 | D10: =SUM(D8:D9) -> 41000 | E10: =SUM(E8:E9) -> 35400 | F10: =SUM(F8:F9) -> 59500 | G10: =SUM(G8:G9) -> 34000 | H10: =SUM(H8:H9) -> 34200 | I10: =SUM(I8:I9) -> 240600
B11: Payments
B12: Cash Purchases | C12: ='Cash Budget'!F26 -> 1000 | D12: ='Cash Budget'!F27 -> 18000 | E12: ='Cash Budget'!F28 -> 19000 | F12: ='Cash Budget'!F29 -> 20000 | G12: ='Cash Budget'!F30 -> 21000 | H12: ='Cash Budget'!F31 -> 22000 | I12: =SUM(C12:H12) -> 101000
B13: Credit Purchases | C13: ='Cash Budget'!G26 -> 20000 | D13: ='Cash Budget'!G27 -> 20000 | E13: ='Cash Budget'!G28 -> 22200 | F13: ='Cash Budget'!G29 -> 18000 | G13: ='Cash Budget'!G30 -> 21000 | H13: ='Cash Budget'!G31 -> 22000 | I13: =SUM(C13:H13) -> 123200
B14: Wages | C14: ='Cash Budget'!H26 -> 5000 | D14: ='Cash Budget'!H27 -> 5400 | E14: ='Cash Budget'!H28 -> 5400 | F14: ='Cash Budget'!H29 -> 5400 | G14: ='Cash Budget'!H30 -> 5400 | H14: ='Cash Budget'!H31 -> 5400 | I14: =SUM(C14:H14) -> 32000
B15: Variable Overheads | C15: ='Cash Budget'!I26 -> 1000 | D15: ='Cash Budget'!I27 -> 1200 | E15: ='Cash Budget'!I28 -> 1100 | F15: ='Cash Budget'!I29 -> 1400 | G15: ='Cash Budget'!I30 -> 1500 | H15: ='Cash Budget'!I31 -> 1300 | I15: =SUM(C15:H15) -> 7500
B16: Fixed Overheads | C16: ='Cash Budget'!J26 -> 4000 | D16: ='Cash Budget'!J27 -> 4000 | E16: ='Cash Budget'!J28 -> 4000 | F16: ='Cash Budget'!J29 -> 4000 | G16: ='Cash Budget'!J30 -> 4000 | H16: ='Cash Budget'!J31 -> 4000 | I16: =SUM(C16:H16) -> 24000
B17: Equipment | C17: ='Cash Budget'!K26 -> 0 | D17: ='Cash Budget'!K27 -> 0 | E17: ='Cash Budget'!K28 -> 180000 | F17: ='Cash Budget'!K29 -> 0 | G17: ='Cash Budget'!K30 -> 0 | H17: ='Cash Budget'!K31 -> 0 | I17: =SUM(C17:H17) -> 180000
B18: Total payments | C18: =SUM(C12:C17) -> 31000 | D18: =SUM(D12:D17) -> 48600 | E18: =SUM(E12:E17) -> 231700 | F18: =SUM(F12:F17) -> 48800 | G18: =SUM(G12:G17) -> 52900 | H18: =SUM(H12:H17) -> 54700 | I18: =SUM(I12:I17) -> 467700
B20: Net cash | C20: =C10-C18 -> 5500 | D20: =D10-D18 -> -7600 | E20: =E10-E18 -> -196300 | F20: =F10-F18 -> 10700 | G20: =G10-G18 -> -18900 | H20: =H10-H18 -> -20500 | I20: =I10-I18 -> -227100
B21: Opening Balance | C21: 2500 | D21: =C22 -> 8000 | E21: =D22 -> 400 | F21: =E22 -> -195900 | G21: =F22 -> -185200 | H21: =G22 -> -204100 | I21: 2500
B22: Closing Balance | C22: =C20+C21 -> 8000 | D22: =D20+D21 -> 400 | E22: =E20+E21 -> -195900 | F22: =F20+F21 -> -185200 | G22: =G20+G21 -> -204100 | H22: =H20+H21 -> -224600 | I22: =I20+I21 -> -224600
C23: =IF(C22<0,"deficit","surplus") -> surplus | D23: =IF(D22<0,"deficit","surplus") -> surplus | E23: =IF(E22<0,"deficit","surplus") -> deficit | F23: =IF(F22<0,"deficit","surplus") -> deficit | G23: =IF(G22<0,"deficit","surplus") -> deficit | H23: =IF(H22<0,"deficit","surplus") -> deficit | I23: =IF(I22<0,"deficit","surplus") -> deficit
B27: #VALUE!

Sheet Cash Budget Format
B2: Cash Budget
C4: Jan | D4: Feb | E4: Mar | F4: April | G4: May | H4: June | I4: Total
C5: € | D5: € | E5: € | F5: € | G5: € | H5: € | I5: €
B6: Receipts
B9: Total Receipts
B10: Payments
B17: Total payments
B18: Net cash
B19: Opening Balance
B20: Closing Balance
